 Dungeon Crawl Stone Soup version 0.27-a0-972-gd1521fd518 (webtiles) character file.

Game seed: 13019491503259078584

200 robertstho the Magician (level 5, -1/55 HPs)
             Began as a Djinni Fire Elementalist on Apr 13, 2021.
             Slain by an orc priest
             ... wielding a +0 club
              (3 damage)
             ... on level 3 of the Dungeon.
             The game lasted 00:04:42 (3669 turns).

robertstho the Magician (Djinni Fire Elementalist)  Turns: 3669, Time: 00:04:43

Health: -1/55      AC:  4    Str: 11    XL:     5   Next: 79%
Gold:   172        EV: 12    Int: 17    God:
                   SH:  0    Dex: 14

rFire    + + +     SeeInvis .   o - +0 dagger (speed)
rCold    x . .     Faith    .   (no shield)
rNeg     . . .     Spirit   .   a - +0 robe
rPois    ∞         Reflect  .   i - +2 hat
rElec    .         Harm     .   (no cloak)
rCorr    .         Rampage  .   (no gloves)
Will     .....     Clarity  +   (boots unavailable)
Stlth    ..........             j - amulet of the acrobat
HPRegen  0.18/turn              h - +6 ring of strength
MPRegen  0.00/turn              l - ring of protection from fire

@: brilliant, berserking, flying, very slightly contaminated, invisible, very
quick
A: fire resistance 2, cold vulnerability 1, float, innate caster, hp casting,
extra vitality 1, clarity, weak 1
a: no special abilities


You were on level 3 of the Dungeon.
You visited 1 branch of the dungeon, and saw 3 of its levels.

You collected 172 gold pieces.

Inventory:

Hand Weapons
 c - a +0 dagger
 o - a +0 dagger of speed (weapon)
Armour
 a - a +0 robe (worn)
 i - a +2 hat (worn)
Jewellery
 h - a +6 ring of strength (left hand)
 j - an amulet of the acrobat (around neck)
 l - a ring of protection from fire (right hand)
Wands
 m - a wand of iceblast (10)
Scrolls
 b - a scroll of noise {unknown}
 f - 2 scrolls of identify {unknown}
 k - 2 scrolls of vulnerability {unknown}
Potions
 e - a potion of flight


   Skills:
 * Level 1.6 Fighting
 + Level 2.6 Dodging
 + Level 1.8 Stealth
 * Level 4.8 Spellcasting


You couldn't memorise any spells.
You knew the following spells:

 Your Spells              Type           Power      Damage    Failure   Level
a - Foxfire               Conj/Fire      100%       2x1d9     1%          1
b - Conjure Flame         Conj/Fire      30%        6-21      6%          3
c - Inner Flame           Hex/Fire       30%        N/A       6%          3
d - Sticky Flame          Conj/Fire      30%        2d5       21%         4
e - Fireball              Conj/Fire      15%        3d8       50%         5
f - Freeze                Ice            100%       1d11      1%          1
g - Slow                  Hex            30%        N/A       3%          2
Your spell library was empty.

Dungeon Overview and Level Annotations

Branches:
Dungeon (3/15)

Altars:


Innate Abilities, Weirdness & Mutations

You are immune to poison.
Your flesh is very heat resistant. (rF++)
You are vulnerable to cold. (rC-)
You float through the air rather than walking.
You learn spells naturally, not from books.
Your magical power is your life essence.
You have superior vitality. (+4 HP)
You possess an exceptional clarity of mind.
You are weak. (Str -2)


Message History

Press: ? - help, Q - select action, (/) - cycle Dir - look around, f - activate You conjure some foxfire!
The foxfire hits the orc.
The orc is almost dead.
The orc barely misses you.
Casting: Foxfire (safe; 1% risk of failure)
Press: ? - help, Q - select action, (/) - cycle Dir - look around, f - activate You conjure some foxfire!
The foxfire hits the orc priest!
The orc priest is almost dead.
The orc completely misses you.
Casting: Foxfire (safe; 1% risk of failure)
Press: ? - help, Q - select action, (/) - cycle Dir - look around, f - activate You conjure some foxfire!
The foxfire hits the orc.
You kill the orc!
The foxfire hits the orc priest but does no damage.
The orc hits you but does no damage.
The orc priest invokes the aid of Beogh against you.
Pain shoots through your body!
* * * LOW HITPOINT WARNING * * *
It was a potion of brilliance.
You feel clever all of a sudden.
The orc priest calls upon Beogh to heal the orc.
The orc's wounds heal themselves!
The orc barely misses you.
It was a potion of invisibility.
You fade into invisibility!
The orc priest hits you with a +0 club.
* * * LOW HITPOINT WARNING * * *
The orc barely misses you. The orc priest misses you.
It was a potion of mutation.
You feel extremely strange.
You feel weaker.
Your thoughts seem clearer.
The orc priest hits you with a +0 club.
* * * LOW HITPOINT WARNING * * *
The orc hits you but does no damage. The orc priest misses you.
It was a potion of berserk rage.
A red film seems to cover your vision as you go berserk!
You feel yourself moving faster!
You feel mighty! The orc priest hits you with a +0 club.
You die...

##..#
#.#.#
##..######
#.#.#
#........#
#.#
##..####.#
#.# #...#
#.# #.###
##.## #.#
#...# #.#
#># ###.#
#.#
##.#####>#
#.# #.#
#o@).....#
#.# #.#
#oo#######
#.# #.#
#..# #.#
#.# #..#
#.# #.#
#..# #<#
#..# #.#
...# #.#
#.## #.#
#.#


You could see 2 orc priests and an orc.

Vanquished Creatures
  Jessica (D:2)
  2 orc wizards (D:2)
  5 adders
  A worm (D:2)
  3 dart slugs
  6 orcs
  4 ball pythons
  5 endoplasms (D:1)
  4 giant cockroaches (D:1)
  4 goblins
  2 hobgoblins (D:1)
  7 jackals (D:2)
  2 quokkas (D:1)
  5 bats
  2 frilled lizards
  6 kobolds
  6 rats
65 creatures vanquished.

Vanquished Creatures (others)
  263 foxfires
263 creatures vanquished.

Grand Total: 328 creatures vanquished

Notes
Turn   | Place    | Note
-------+----------+-------------------------------------------
     0 | D:1      | robertstho the Djinni Fire Elementalist began the quest for
                  | the Orb.
     0 | D:1      | Reached XP level 1. HP: 15/15 MP: 0/0
   220 | D:1      | Reached XP level 2. HP: 10/22 MP: 0/0
   222 | D:1      | Reached skill level 3 in Spellcasting
   846 | D:1      | Reached XP level 3. HP: 24/26 MP: 0/0
   846 | D:1      | Learned a level 1 spell: Freeze
  1409 | D:1      | Found a faded altar of an unknown god.
  1741 | D:2      | Reached skill level 1 in Fighting
  1835 | D:2      | Noticed Jessica
  1839 | D:2      | Reached XP level 4. HP: 26/32 MP: 0/0
  1839 | D:2      | Killed Jessica
  1840 | D:2      | Reached skill level 4 in Spellcasting
  1854 | D:2      | Reached XP level 5. HP: 21/37 MP: 0/0
  1854 | D:2      | Learned a level 2 spell: Slow
  3668 | D:3      | Gained mutation: You are weak. (Str -2) [potion of
                  | mutation]
  3668 | D:3      | Gained mutation: You possess an exceptional clarity of
                  | mind. [potion of mutation]
  3668 | D:3      | HP: 1/37 [orc priest/+0 club (4)]
  3669 | D:3      | Slain by an orc priest

Illustrated notes

Levels and vault maps discovered:
D:1:      dpeg_arrival_prison, layout_rooms, serial_rivers,
          chequers_serial_rivers_micro_a, chequers_serial_rivers_marsh,
          chequers_serial_rivers_large_a, chequers_serial_rivers_small_b,
          chequers_serial_rivers_marsh,
          shapermc_ecumenical_altar_mp_urbaneastern, minmay_hexomino_p4
D:2:      layout_basic, uniq_jessica
D:3:      minmay_razor_zed, layout_loops_ring, gammafunk_temple_overflow_statue

Skill      XL: |  1  2  3  4 |
---------------+-------------+-----
Spellcasting   | 3 4 |  4.8
Fighting       | 1 |  1.6
Dodging        | |  2.6
Stealth        | |  1.8

Action                   |  1- 3 |  4- 6 || total
-------------------------+-------+-------++-------
Melee: Dagger            |     2 |       ||     2
 Cast: Foxfire           |    84 |    81 ||   165
  Use: Potion            |       |     6 ||     6
Armor: Robe              |     3 |     7 ||    10
Dodge: Dodged            |     8 |    18 ||    26

Table legend: (Time is in decaauts)
 A = Elapsed time spent in this place.
 B = Non-inter-level travel time spent in this place.
 C = Inter-level travel time spent in this place.
 D = Time resting spent in this place.
 E = Time spent auto-exploring this place.
 F = Levels seen in this place.
 G = Mean time per level.
                   A        B        C        D        E       F      G
               +--------+--------+--------+--------+--------+-----+--------+
         Total |   3647 |   3540 |    107 |      0 |   3130 |   3 | 1215.7 |
       Dungeon |   3647 |   3540 |    107 |      0 |   3130 |   3 | 1215.7 |
               +--------+--------+--------+--------+--------+-----+--------+

Top non-repeatable levels by time:
     D:1: 1737 daAuts
     D:2: 1348 daAuts
     D:3: 561 daAuts
